 Dungeon Crawl Stone Soup version 0.26-a0-1184-g95e395e029 (webtiles) character file.

Game seed: 4867298742518756615

956 Arthanis the Firebug (level 7, 0/36 HPs)
             Began as a Deep Elf Fire Elementalist on Dec 27, 2020.
             Killed from afar by an orc wizard (7 damage)
             ... with a puff of frost
             ... on level 5 of the Dungeon.
             The game lasted 00:06:50 (5311 turns).

Arthanis the Firebug (Deep Elf Fire Elementalist)   Turns: 5311, Time: 00:06:51

Health: 0/36       AC:  2    Str:  5    XL:     7   Next: 91%
Magic:  2/18       EV: 13    Int: 22    God:
Gold:   202        SH:  0    Dex: 15    Spells: 6/19 levels left

rFire    . . .     SeeInvis .   i - +0 short sword (venom)
rCold    . . .     Faith    .   (no shield)
rNeg     . . .     Spirit   .   a - +0 robe
rPois    .         Reflect  .   (no helmet)
rElec    .         Harm     .   (no cloak)
rCorr    .         Rampage  .   (no gloves)
Will     .....                  (no boots)
Stlth    ++........             (no amulet)
HPRegen  0.12/turn              (no ring)
MPRegen  0.16/turn              (no ring)

@: no status effects
A: no striking features
a: no special abilities


You were on level 5 of the Dungeon.
You visited 1 branch of the dungeon, and saw 5 of its levels.

You collected 202 gold pieces.

Inventory:

Hand Weapons
 c - a +2 dagger of flaming
 i - a +0 short sword of venom (weapon)
 q - a +0 trident
Missiles
 r - a throwing net
Armour
 a - a +0 robe (worn)
 v - the +2 cloak of Caihot {rC++ Str+9 Int-5}
   (You found it on level 5 of the Dungeon)

   It affects your strength (+9).
   It affects your intelligence (-5).
   It greatly protects you from cold.
Wands
 t - a wand of digging (4)
 x - a wand of acid (8)
Scrolls
 d - 5 scrolls of teleportation {unknown}
 f - 4 scrolls of identify {unknown}
 g - 8 scrolls of remove curse {unknown}
 h - a scroll of immolation {unknown}
 m - a scroll of random uselessness {unknown}
 p - 2 scrolls of amnesia {unknown}
 s - 2 scrolls of blinking {unknown}
Potions
 b - a potion of resistance {unknown}
 e - 2 potions of heal wounds {unknown}
 j - 2 potions of curing
 k - a potion of magic {unknown}
 l - 2 potions of flight {unknown}
 n - 3 potions of haste {unknown}
 o - a potion of berserk rage {unknown}
 u - a potion of might {unknown}
 w - a potion of lignification {unknown}


   Skills:
 - Level 2.4 Dodging
 - Level 2.4 Stealth
 + Level 6.6 Spellcasting
 + Level 4.9 Conjurations
 * Level 7.8 Fire Magic


You had 6 spell levels left.
You knew the following spells:

 Your Spells              Type           Power        Failure   Level
a - Foxfire               Conj/Fire      100%         1%          1
b - Conjure Flame         Conj/Fire      35%          1%          3
c - Sticky Flame          Conj/Fire      35%          6%          4
d - Fireball              Conj/Fire      17%          17%         5

Your spell library contained the following spells:

 Spells                   Type           Power        Failure   Level
 Inner Flame              Hex/Fire       24%          5%          3


Dungeon Overview and Level Annotations

Branches:
Dungeon (5/15)
 Temple: D:4-7

Altars:
Elyvilon
Okawaru


Message History

Casting: Sticky Flame (quite dangerous; 6% risk of failure)
Confirm with . or Enter, or press ? or * to list all spells.
The spell is quite dangerous to cast (6% risk of failure)!
Continue anyway?
Aiming: Sticky Flame (quite dangerous; 6% risk of failure)
Press: ? - help, Shift-Dir - straight line, f - orc wizard
Aim: an orc wizard, wielding a +0 dagger and wearing a cursed +0 robe (0% to evade)
The sticky flame hits the orc wizard.
The orc wizard is moderately wounded.
The orc wizard is covered in liquid flames!
The orc wizard burns!
The orc wizard hits you but does no damage.
You hit the orc wizard.
The orc wizard is poisoned.
The orc wizard is heavily wounded.
The orc wizard burns!
The orc wizard hits you with a +0 dagger.
* * * LOW HITPOINT WARNING * * *
The orc wizard burns!
The orc wizard gestures at you while chanting.
The puff of frost hits you!
You die...

#.....#
#.#####
o#.#
###o#.#
#.o #.#
#.# #.#
#.# #.#
#.# #.#
#.###@#
#..o))#
#######


You could see an orc wizard (burning, very poisoned).

Vanquished Creatures
  Duvessa (D:5)
  A sky beast (D:4)
  A centaur (D:5)
  A bullfrog (D:5)
  Dowan (D:5)
  A howler monkey (D:4)
  A bullfrog zombie (D:5)
  2 orc priests
  3 hounds
  2 centaur skeletons
  3 orc wizards
  An iguana (D:3)
  A worker ant (D:4)
  5 adders
  An ooze (D:3)
  2 worms (D:3)
  A dart slug (D:3)
  A leopard gecko (D:2)
  11 orcs
  4 giant cockroaches
  11 goblins
  7 hobgoblins
  6 jackals
  19 kobolds
  3 quokkas
  8 bats
  A frilled lizard (D:2)
  A jackal zombie (D:5)
  6 rats
106 creatures vanquished.

Vanquished Creatures (others)
  375 foxfires
375 creatures vanquished.

Grand Total: 481 creatures vanquished

Notes
Turn   | Place    | Note
-------+----------+-------------------------------------------
     0 | D:1      | Arthanis the Deep Elf Fire Elementalist began the quest for
                  | the Orb.
     0 | D:1      | Reached XP level 1. HP: 10/10 MP: 6/6
   184 | D:1      | Reached XP level 2. HP: 15/15 MP: 4/8
   503 | D:1      | Reached skill level 4 in Fire Magic
   690 | D:1      | Reached XP level 3. HP: 19/19 MP: 5/10
  1388 | D:2      | Reached XP level 4. HP: 24/24 MP: 8/11
  1394 | D:2      | Learned a level 3 spell: Conjure Flame
  1399 | D:2      | Learned a level 4 spell: Sticky Flame
  1587 | D:2      | Found a white marble altar of Elyvilon.
  2372 | D:3      | Reached skill level 5 in Fire Magic
  2479 | D:3      | Reached XP level 5. HP: 28/28 MP: 7/13
  3054 | D:4      | Found an iron altar of Okawaru.
  3386 | D:4      | Reached skill level 5 in Spellcasting
  3386 | D:4      | Reached XP level 6. HP: 13/32 MP: 7/15
  3576 | D:4      | Learned a level 5 spell: Fireball
  3828 | D:4      | Reached skill level 6 in Fire Magic
  4448 | D:5      | Entered Level 5 of the Dungeon
  4448 | D:5      | Noticed a sky beast
  4489 | D:4      | Killed a sky beast
  4665 | D:5      | Reached XP level 7. HP: 27/36 MP: 12/17
  4768 | D:5      | Noticed Duvessa
  4769 | D:5      | Noticed Dowan
  4776 | D:5      | Killed Duvessa
  4777 | D:5      | Reached skill level 7 in Fire Magic
  4778 | D:5      | Killed Dowan
  4902 | D:5      | Got a transparent cloak
  4908 | D:5      | Identified the +2 cloak of Caihot {rC++ Str+9 Int-5} (You
                  | found it on level 5 of the Dungeon)
  5311 | D:5      | Killed from afar by an orc wizard

Illustrated notes

Levels and vault maps discovered:
D:1:      wheals_arrival_shading, layout_rooms, minmay_heptomino_o4
D:2:      layout_loops_ring, elyvilon_altar_1
D:3:      layout_basic, minmay_cupped
D:4:      layout_basic, okawaru_gym_becter
D:5:      layout_basic, roderic_three_in_a_row, uniq_duvessa, uniq_grinder

Skill      XL: |  1  2  3  4  5  6  7 |
---------------+----------------------+-----
Fire Magic     | 4 5 6 7 |  7.8
Conjurations   | 2 3 4 |  4.9
Spellcasting   | 4 5 6 |  6.6
Dodging        | |  2.4
Stealth        | |  2.4

Action                   |  1- 3 |  4- 6 |  7- 9 || total
-------------------------+-------+-------+-------++-------
Melee: Short sword       |     1 |     2 |     3 ||     6
 Cast: Foxfire           |    94 |   120 |    35 ||   249
       Sticky Flame      |       |     2 |     6 ||     8
  Use: Potion            |       |       |     1 ||     1
Armor: Robe              |     2 |     2 |     2 ||     6
Dodge: Dodged            |     9 |    16 |    13 ||    38

Table legend: (Time is in decaauts)
 A = Elapsed time spent in this place.
 B = Non-inter-level travel time spent in this place.
 C = Inter-level travel time spent in this place.
 D = Time resting spent in this place.
 E = Time spent auto-exploring this place.
 F = Levels seen in this place.
 G = Mean time per level.
                   A        B        C        D        E       F      G
               +--------+--------+--------+--------+--------+-----+--------+
         Total |   5310 |   5211 |     99 |      9 |   4609 |   5 | 1062.0 |
       Dungeon |   5310 |   5211 |     99 |      9 |   4609 |   5 | 1062.0 |
               +--------+--------+--------+--------+--------+-----+--------+

Top non-repeatable levels by time:
     D:4: 1646 daAuts
     D:2: 1094 daAuts
     D:1: 970 daAuts
     D:3: 915 daAuts
     D:5: 684 daAuts
